[ AOE2 MATCH · #464366245 ]
Team RMMongols vs Shu
[ REPLAY ANALYSIS · EXTRACTED FROM THE RECORDED GAME ]
Feudal
20:50
Castle
24:45
Imperial
—
| APM avg | 20.9 |
| APM peak | 43 |
| eAPM avg | 12.6 |
| Villagers / military | 85 / 34 |
Focus
⚔️ 31.7% · 🌾 68.3%
Steppe Lancer ×31 · Fishing Ship ×24 · Unknown (2626) ×19 · Spearman ×3
Feudal
13:47
Castle
19:29
Imperial
34:50
| APM avg | 35.0 |
| APM peak | 59 |
| eAPM avg | 23.1 |
| Villagers / military | 108 / 16 |
Focus
⚔️ 18.6% · 🌾 81.4%
Steppe Lancer ×14 · Fishing Ship ×5 · Trebuchet (Packed) ×2
Feudal
15:34
Castle
20:03
Imperial
—
| APM avg | 33.0 |
| APM peak | 74 |
| eAPM avg | 10.9 |
| Villagers / military | 71 / 18 |
Focus
⚔️ 22.0% · 🌾 78.0%
Camel Archer ×18 · Fishing Ship ×7
Feudal
13:31
Castle
20:32
Imperial
—
| APM avg | 29.7 |
| APM peak | 94 |
| eAPM avg | 12.5 |
| Villagers / military | 73 / 24 |
Focus
⚔️ 33.4% · 🌾 66.6%
Skirmisher ×12 · Fishing Ship ×9 · Spearman ×6 · Unknown (2626) ×5 · Archer ×3 · Galley ×3
Match map
Initial resources + every placement click. Lines = walls · curves = elevation contours. ◆ gold · ⬟ stone · ● berries · ✦ relic · ◌ wall gap
Your base· Open — 9t gap
WFangMMx's base· ✓ Closed at 19:29 · 38t walls · 5 gate(s)
Yemellow's base· Open — 9t gap
Rofflert's base· Open — 7t gap
Smoothed initial terrain · ◌ = detected wall gap · hover for details
Inputs per minute
— Ohadpr4 - - WFangMMx
Build order — Ohadpr4
First 150 of 224 actions detected
| 0:07 | Build | House |
| 0:38 | Build | Town Center |
| 1:02 | Build | Dock |
| 2:55 | Create | Villager (Male) |
| 2:55 | Create | Villager (Male) |
| 3:04 | Create | Villager (Male) |
| 3:05 | Create | Villager (Male) |
| 3:58 | Create | Villager (Male) |
| 4:18 | Create | Villager (Male) |
| 4:56 | Create | Fishing Ship |
| 5:19 | Create | Villager (Male) |
| 5:27 | Build | House |
| 6:07 | Create | Villager (Male) |
| 6:12 | Create | Fishing Ship |
| 6:48 | Create | Villager (Male) |
| 6:54 | Build | House |
| 7:23 | Create | Villager (Male) |
| 7:32 | Create | Villager (Male) |
| 7:34 | Create | Fishing Ship |
| 7:54 | Create | Villager (Male) |
| 8:19 | Build | House |
| 8:22 | Create | Fishing Ship |
| 8:45 | Create | Villager (Male) |
| 8:50 | Research | Loom |
| 8:57 | Create | Villager (Male) |
| 9:03 | Create | Fishing Ship |
| 9:34 | Create | Villager (Male) |
| 9:34 | Create | Villager (Male) |
| 9:35 | Create | Villager (Male) |
| 9:51 | Create | Villager (Male) |
| 9:56 | Build | House |
| 10:00 | Create | Fishing Ship |
| 10:01 | Create | Fishing Ship |
| 10:04 | Create | Villager (Male) |
| 10:18 | Create | Villager (Male) |
| 10:27 | Create | Villager (Male) |
| 10:28 | Create | Villager (Male) |
| 10:49 | Create | Villager (Male) |
| 10:49 | Create | Villager (Male) |
| 10:53 | Create | Fishing Ship |
| 11:00 | Build | House |
| 11:32 | Build | House |
| 11:42 | Create | Villager (Male) |
| 11:46 | Create | Villager (Male) |
| 12:12 | Create | Villager (Male) |
| 12:12 | Create | Villager (Male) |
| 12:14 | Create | Fishing Ship |
| 12:14 | Create | Fishing Ship |
| 12:31 | Create | Villager (Male) |
| 12:31 | Create | Villager (Male) |
| 12:31 | Create | Villager (Male) |
| 12:36 | Build | House |
| 12:57 | Build | House |
| 13:20 | Create | Villager (Male) |
| 13:21 | Create | Villager (Male) |
| 13:35 | Build | Lumber Camp |
| 13:41 | Build | House |
| 14:00 | Create | Villager (Male) |
| 14:01 | Create | Villager (Male) |
| 14:10 | Create | Villager (Male) |
| 14:20 | Create | Villager (Male) |
| 14:24 | Create | Villager (Male) |
| 14:26 | Create | Fishing Ship |
| 14:26 | Create | Fishing Ship |
| 14:31 | Create | Fishing Ship |
| 14:39 | Create | Villager (Male) |
| 15:22 | Create | Villager (Male) |
| 15:23 | Create | Villager (Male) |
| 15:31 | Build | Palisade Wall |
| 15:33 | Build | Palisade Wall |
| 15:39 | Create | Villager (Male) |
| 15:39 | Create | Villager (Male) |
| 15:44 | Build | House |
| 15:46 | Create | Villager (Male) |
| 15:46 | Create | Villager (Male) |
| 15:46 | Create | Villager (Male) |
| 15:49 | Create | Villager (Male) |
| 15:54 | Build | House |
| 15:56 | Build | House |
| 16:19 | Build | House |
| 16:23 | Build | House |
| 16:24 | Create | Villager (Male) |
| 16:25 | Create | Villager (Male) |
| 17:08 | Build | Mill |
| 17:10 | Create | Villager (Male) |
| 17:10 | Create | Villager (Male) |
| 17:26 | Create | Villager (Male) |
| 17:33 | Create | Villager (Male) |
| 17:43 | Create | Fishing Ship |
| 17:43 | Create | Fishing Ship |
| 17:44 | Create | Fishing Ship |
| 17:58 | Build | Barracks |
| 18:00 | Create | Villager (Male) |
| 18:00 | Create | Villager (Male) |
| 18:23 | Research | Feudal Age |
| 18:36 | Build | Dock |
| 18:49 | Create | Villager (Male) |
| 18:59 | Create | Villager (Male) |
| 19:25 | Create | Fishing Ship |
| 19:26 | Create | Fishing Ship |
| 19:30 | Build | House |
| 19:35 | Create | Villager (Male) |
| 19:35 | Create | Villager (Male) |
| 19:55 | Build | House |
| 19:59 | Build | House |
| 20:01 | Create | Villager (Male) |
| 20:01 | Create | Villager (Male) |
| 20:03 | Create | Fishing Ship |
| 20:04 | Create | Fishing Ship |
| 20:04 | Create | Fishing Ship |
| 20:50 | Create | Fishing Ship |
| 20:50 | Age | Feudal Age |
| 20:50 | Create | Fishing Ship |
| 20:50 | Create | Fishing Ship |
| 20:55 | Build | Blacksmith |
| 20:59 | Build | Market |
| 21:05 | Build | Palisade Wall |
| 21:07 | Create | Villager (Male) |
| 21:17 | Create | Villager (Male) |
| 21:17 | Create | Villager (Male) |
| 21:39 | Research | Tech 906 |
| 21:40 | Create | Unit 2626 |
| 21:40 | Create | Unit 2626 |
| 21:41 | Create | Unit 2626 |
| 21:54 | Research | Castle Age |
| 21:54 | Research | Town Watch |
| 22:04 | Build | Stable |
| 22:12 | Build | Archery Range |
| 22:15 | Research | Fletching |
| 22:16 | Research | Padded Archer Armor |
| 22:31 | Create | Unit 2626 |
| 22:32 | Create | Unit 2626 |
| 22:43 | Create | Villager (Male) |
| 22:44 | Create | Villager (Male) |
| 22:57 | Research | Bloodlines |
| 23:01 | Create | Spearman |
| 23:01 | Create | Spearman |
| 23:01 | Create | Spearman |
| 23:28 | Build | Archery Range |
| 23:31 | Research | Forging |
| 23:32 | Research | Scale Barding Armor |
| 23:49 | Create | Unit 2626 |
| 23:49 | Create | Unit 2626 |
| 24:09 | Build | Stable |
| 24:10 | Build | Stable |
| 24:45 | Age | Castle Age |
| 25:06 | Research | Gillnets |
| 25:07 | Create | Unit 2626 |
| 25:07 | Create | Unit 2626 |
| 25:07 | Create | Unit 2626 |
Build order — WFangMMx
First 150 of 243 actions detected
| 0:02 | Build | Town Center |
| 0:11 | Build | House |
| 2:24 | Create | Villager (Male) |
| 2:24 | Create | Villager (Male) |
| 2:25 | Create | Villager (Male) |
| 2:25 | Create | Villager (Male) |
| 2:33 | Build | Dock |
| 3:33 | Create | Villager (Male) |
| 3:50 | Build | House |
| 4:15 | Create | Villager (Male) |
| 4:52 | Create | Villager (Male) |
| 5:01 | Create | Fishing Ship |
| 5:30 | Create | Villager (Male) |
| 5:30 | Create | Villager (Male) |
| 6:00 | Create | Villager (Male) |
| 6:19 | Create | Fishing Ship |
| 6:31 | Create | Villager (Male) |
| 6:39 | Build | House |
| 6:46 | Create | Villager (Male) |
| 7:05 | Research | Loom |
| 7:05 | Create | Villager (Male) |
| 7:16 | Create | Fishing Ship |
| 7:40 | Create | Villager (Male) |
| 7:54 | Create | Fishing Ship |
| 8:12 | Create | Villager (Male) |
| 8:23 | Create | Villager (Male) |
| 8:50 | Build | House |
| 9:07 | Build | House |
| 9:08 | Build | House |
| 9:09 | Create | Villager (Male) |
| 9:10 | Create | Villager (Male) |
| 9:37 | Create | Fishing Ship |
| 10:06 | Create | Villager (Male) |
| 10:23 | Create | Villager (Male) |
| 10:50 | Create | Villager (Male) |
| 11:04 | Build | Lumber Camp |
| 11:10 | Build | Lumber Camp |
| 11:29 | Build | Palisade Wall |
| 11:37 | Research | Feudal Age |
| 11:42 | Build | House |
| 11:48 | Create | Villager (Male) |
| 12:31 | Build | Mining Camp |
| 13:42 | Create | Villager (Male) |
| 13:47 | Age | Feudal Age |
| 14:00 | Build | Blacksmith |
| 14:22 | Create | Villager (Male) |
| 14:34 | Build | Mill |
| 14:45 | Build | House |
| 14:52 | Create | Villager (Male) |
| 15:05 | Build | House |
| 15:23 | Create | Villager (Male) |
| 15:32 | Research | Wheelbarrow |
| 15:38 | Create | Villager (Male) |
| 15:52 | Build | Market |
| 15:54 | Build | Palisade Gate |
| 16:03 | Build | House |
| 16:04 | Build | House |
| 16:49 | Research | Castle Age |
| 17:09 | Create | Villager (Male) |
| 17:14 | Build | House |
| 17:15 | Build | Palisade Gate |
| 17:22 | Build | Palisade Wall |
| 17:23 | Build | Palisade Wall |
| 17:26 | Build | Palisade Gate |
| 17:30 | Create | Villager (Male) |
| 17:38 | Build | Palisade Wall |
| 17:39 | Build | Palisade Gate |
| 17:46 | Build | House |
| 17:51 | Build | Mining Camp |
| 18:24 | Build | Palisade Gate |
| 18:25 | Create | Villager (Male) |
| 18:45 | Build | Farm |
| 18:45 | Build | Farm |
| 18:45 | Build | Farm |
| 18:46 | Build | Farm |
| 18:46 | Build | Farm |
| 18:46 | Build | Farm |
| 19:29 | Age | Castle Age |
| 19:35 | Build | Town Center |
| 19:40 | Create | Villager (Male) |
| 20:29 | Create | Villager (Male) |
| 20:29 | Create | Villager (Male) |
| 20:29 | Create | Villager (Male) |
| 20:45 | Build | Barracks |
| 20:47 | Create | Villager (Male) |
| 21:08 | Create | Villager (Male) |
| 21:19 | Create | Villager (Male) |
| 21:41 | Create | Villager (Male) |
| 21:43 | Create | Villager (Male) |
| 21:50 | Build | Stable |
| 21:59 | Research | Forging |
| 22:00 | Research | Scale Barding Armor |
| 22:04 | Create | Villager (Male) |
| 22:20 | Create | Villager (Male) |
| 22:21 | Create | Villager (Male) |
| 22:24 | Build | Stable |
| 22:41 | Create | Villager (Male) |
| 22:47 | Research | Double-Bit Axe |
| 22:48 | Create | Villager (Male) |
| 22:57 | Create | Steppe Lancer |
| 22:57 | Create | Steppe Lancer |
| 22:57 | Create | Steppe Lancer |
| 23:07 | Create | Villager (Male) |
| 23:24 | Create | Steppe Lancer |
| 23:24 | Create | Steppe Lancer |
| 23:26 | Create | Villager (Male) |
| 23:29 | Build | Farm |
| 23:30 | Build | Farm |
| 23:30 | Build | Farm |
| 23:44 | Create | Villager (Male) |
| 23:44 | Create | Villager (Male) |
| 23:52 | Create | Villager (Male) |
| 24:11 | Build | House |
| 24:13 | Build | House |
| 24:26 | Create | Villager (Male) |
| 24:29 | Research | Hand Cart |
| 24:37 | Create | Steppe Lancer |
| 24:37 | Create | Steppe Lancer |
| 24:54 | Build | Farm |
| 24:58 | Create | Villager (Male) |
| 25:17 | Create | Villager (Male) |
| 25:17 | Create | Villager (Male) |
| 25:25 | Build | Town Center |
| 25:30 | Create | Villager (Male) |
| 25:32 | Create | Villager (Male) |
| 25:37 | Create | Villager (Male) |
| 25:37 | Create | Villager (Male) |
| 25:44 | Build | House |
| 25:44 | Build | House |
| 25:44 | Build | House |
| 25:45 | Build | House |
| 25:45 | Build | House |
| 25:45 | Build | House |
| 25:45 | Build | House |
| 25:45 | Build | House |
| 25:46 | Build | House |
| 25:47 | Create | Villager (Male) |
| 25:47 | Create | Villager (Male) |
| 26:10 | Create | Villager (Male) |
| 26:15 | Create | Villager (Male) |
| 26:25 | Build | House |
| 26:41 | Create | Villager (Male) |
| 26:48 | Build | Town Center |
| 26:52 | Create | Villager (Male) |
| 26:54 | Create | Villager (Male) |
| 27:21 | Build | Castle |
| 27:28 | Create | Villager (Male) |
| 27:31 | Build | House |
| 27:31 | Build | House |
| 27:31 | Build | House |
Build order — Yemellow
First 150 of 175 actions detected
| 0:12 | Build | Town Center |
| 0:45 | Build | Dock |
| 1:38 | Build | House |
| 2:31 | Create | Villager (Male) |
| 2:31 | Create | Villager (Male) |
| 2:31 | Create | Villager (Male) |
| 2:32 | Create | Villager (Male) |
| 3:21 | Create | Villager (Male) |
| 3:53 | Build | House |
| 4:18 | Create | Fishing Ship |
| 4:50 | Research | Loom |
| 5:19 | Create | Villager (Male) |
| 5:27 | Create | Fishing Ship |
| 5:28 | Create | Fishing Ship |
| 6:08 | Build | House |
| 6:13 | Create | Villager (Male) |
| 6:29 | Create | Villager (Male) |
| 6:49 | Create | Villager (Male) |
| 6:49 | Create | Villager (Male) |
| 7:20 | Create | Villager (Male) |
| 7:24 | Create | Fishing Ship |
| 7:53 | Create | Villager (Male) |
| 8:01 | Build | House |
| 8:20 | Create | Villager (Male) |
| 8:51 | Create | Villager (Male) |
| 8:58 | Build | House |
| 9:13 | Build | Palisade Wall |
| 9:19 | Build | Palisade Wall |
| 9:21 | Create | Villager (Male) |
| 9:25 | Create | Fishing Ship |
| 10:02 | Create | Villager (Male) |
| 10:30 | Build | Mining Camp |
| 10:54 | Create | Villager (Male) |
| 10:58 | Build | Mill |
| 10:59 | Create | Villager (Male) |
| 11:08 | Create | Villager (Male) |
| 11:16 | Create | Villager (Male) |
| 11:16 | Create | Villager (Male) |
| 11:20 | Build | House |
| 11:29 | Build | House |
| 11:51 | Create | Villager (Male) |
| 11:56 | Build | House |
| 12:10 | Create | Villager (Male) |
| 12:23 | Create | Fishing Ship |
| 12:30 | Create | Fishing Ship |
| 12:37 | Build | Palisade Wall |
| 12:42 | Build | House |
| 12:44 | Create | Villager (Male) |
| 12:49 | Build | House |
| 13:07 | Research | Feudal Age |
| 13:22 | Build | Mining Camp |
| 13:30 | Build | House |
| 13:39 | Build | House |
| 13:57 | Build | Lumber Camp |
| 14:09 | Build | House |
| 14:14 | Build | Palisade Gate |
| 14:28 | Create | Villager (Male) |
| 14:45 | Create | Villager (Male) |
| 15:34 | Age | Feudal Age |
| 15:44 | Build | Blacksmith |
| 15:58 | Build | House |
| 16:01 | Build | House |
| 16:14 | Create | Villager (Male) |
| 16:40 | Create | Villager (Male) |
| 16:52 | Build | Market |
| 17:18 | Create | Villager (Male) |
| 17:23 | Research | Castle Age |
| 17:29 | Research | Padded Archer Armor |
| 18:16 | Research | Fletching |
| 18:20 | Create | Villager (Male) |
| 18:23 | Research | Gold Mining |
| 18:34 | Create | Villager (Male) |
| 18:54 | Build | Dock |
| 19:16 | Research | Double-Bit Axe |
| 19:17 | Research | Horse Collar |
| 19:23 | Build | Farm |
| 19:23 | Build | Farm |
| 19:24 | Build | Farm |
| 20:03 | Age | Castle Age |
| 20:27 | Build | Castle |
| 20:30 | Create | Villager (Male) |
| 20:38 | Create | Villager (Male) |
| 20:55 | Create | Villager (Male) |
| 20:59 | Research | Leather Archer Armor |
| 21:02 | Create | Villager (Male) |
| 21:12 | Create | Villager (Male) |
| 21:19 | Research | Bow Saw |
| 21:31 | Build | Town Center |
| 21:36 | Create | Villager (Male) |
| 22:02 | Create | Camel Archer |
| 22:02 | Create | Camel Archer |
| 22:04 | Create | Villager (Male) |
| 22:04 | Create | Villager (Male) |
| 22:17 | Build | Farm |
| 22:17 | Build | Farm |
| 22:18 | Build | Farm |
| 22:18 | Build | Farm |
| 22:23 | Research | Heavy Plow |
| 23:04 | Research | Wheelbarrow |
| 23:19 | Build | Farm |
| 23:21 | Build | Farm |
| 23:22 | Build | Farm |
| 23:28 | Build | Farm |
| 23:32 | Build | Farm |
| 23:49 | Create | Villager (Male) |
| 23:55 | Create | Camel Archer |
| 23:56 | Create | Camel Archer |
| 23:58 | Create | Villager (Male) |
| 24:14 | Create | Villager (Male) |
| 24:18 | Create | Villager (Male) |
| 24:20 | Create | Villager (Male) |
| 24:28 | Create | Camel Archer |
| 24:31 | Create | Villager (Male) |
| 24:44 | Create | Villager (Male) |
| 24:45 | Create | Camel Archer |
| 25:01 | Create | Villager (Male) |
| 25:03 | Create | Camel Archer |
| 25:05 | Create | Villager (Male) |
| 25:16 | Build | Farm |
| 25:27 | Build | Mining Camp |
| 25:29 | Create | Villager (Male) |
| 25:32 | Create | Camel Archer |
| 25:35 | Research | Bodkin Arrow |
| 25:38 | Create | Villager (Male) |
| 25:50 | Build | University |
| 25:57 | Create | Camel Archer |
| 26:00 | Create | Villager (Male) |
| 26:01 | Create | Villager (Male) |
| 26:14 | Build | House |
| 26:15 | Build | House |
| 26:16 | Build | House |
| 26:17 | Build | House |
| 26:18 | Build | House |
| 26:20 | Create | Villager (Male) |
| 26:25 | Create | Camel Archer |
| 26:26 | Create | Villager (Male) |
| 26:56 | Create | Villager (Male) |
| 27:02 | Create | Villager (Male) |
| 27:03 | Research | Hand Cart |
| 27:07 | Create | Camel Archer |
| 27:07 | Create | Camel Archer |
| 27:09 | Create | Villager (Male) |
| 27:29 | Create | Camel Archer |
| 27:30 | Create | Villager (Male) |
| 27:44 | Create | Villager (Male) |
| 27:47 | Create | Camel Archer |
| 27:48 | Create | Villager (Male) |
| 27:58 | Create | Villager (Male) |
| 28:02 | Build | Farm |
| 28:02 | Build | Farm |
Build order — Rofflert
First 150 of 171 actions detected
| 0:17 | Build | Town Center |
| 0:53 | Build | Dock |
| 0:57 | Build | House |
| 2:25 | Create | Villager (Male) |
| 2:25 | Create | Villager (Male) |
| 2:26 | Create | Villager (Male) |
| 2:26 | Create | Villager (Male) |
| 2:26 | Create | Villager (Male) |
| 2:54 | Research | Loom |
| 2:55 | Create | Villager (Male) |
| 2:55 | Create | Villager (Male) |
| 3:51 | Create | Fishing Ship |
| 4:15 | Build | House |
| 4:25 | Create | Villager (Male) |
| 5:12 | Create | Villager (Male) |
| 5:41 | Create | Villager (Male) |
| 5:41 | Create | Villager (Male) |
| 6:09 | Create | Fishing Ship |
| 6:20 | Build | House |
| 6:31 | Create | Villager (Male) |
| 6:31 | Create | Villager (Male) |
| 6:39 | Create | Villager (Male) |
| 6:58 | Create | Fishing Ship |
| 7:38 | Create | Villager (Male) |
| 8:02 | Build | Mill |
| 8:10 | Create | Villager (Male) |
| 8:40 | Create | Villager (Male) |
| 8:40 | Create | Villager (Male) |
| 8:56 | Create | Fishing Ship |
| 9:04 | Build | House |
| 9:08 | Build | House |
| 9:25 | Create | Villager (Male) |
| 9:51 | Build | Mill |
| 9:56 | Create | Villager (Male) |
| 10:30 | Build | Mining Camp |
| 10:38 | Create | Fishing Ship |
| 11:00 | Create | Villager (Male) |
| 11:02 | Create | Villager (Male) |
| 11:12 | Create | Villager (Male) |
| 11:21 | Research | Feudal Age |
| 12:24 | Build | Barracks |
| 12:53 | Create | Fishing Ship |
| 13:31 | Age | Feudal Age |
| 13:41 | Create | Villager (Male) |
| 13:42 | Create | Villager (Male) |
| 14:05 | Build | Archery Range |
| 14:25 | Create | Villager (Male) |
| 14:25 | Create | Villager (Male) |
| 14:45 | Build | House |
| 15:07 | Build | Lumber Camp |
| 15:12 | Create | Villager (Male) |
| 15:24 | Create | Fishing Ship |
| 15:30 | Build | House |
| 15:47 | Create | Villager (Male) |
| 15:48 | Create | Villager (Male) |
| 15:51 | Create | Villager (Male) |
| 15:51 | Create | Villager (Male) |
| 16:05 | Research | Double-Bit Axe |
| 16:13 | Create | Villager (Male) |
| 16:17 | Build | House |
| 16:24 | Create | Villager (Male) |
| 16:24 | Create | Villager (Male) |
| 16:45 | Build | Blacksmith |
| 16:50 | Research | Horse Collar |
| 16:53 | Create | Villager (Male) |
| 16:57 | Build | House |
| 17:05 | Build | Palisade Wall |
| 17:12 | Build | Palisade Wall |
| 17:13 | Create | Villager (Male) |
| 17:14 | Create | Villager (Male) |
| 17:14 | Create | Villager (Male) |
| 17:14 | Create | Villager (Male) |
| 17:14 | Create | Villager (Male) |
| 17:15 | Create | Villager (Male) |
| 17:27 | Create | Villager (Male) |
| 17:28 | Create | Villager (Male) |
| 17:33 | Research | Castle Age |
| 17:34 | Research | Wheelbarrow |
| 17:52 | Create | Skirmisher |
| 17:52 | Create | Skirmisher |
| 17:53 | Create | Skirmisher |
| 17:53 | Create | Skirmisher |
| 18:06 | Build | Archery Range |
| 18:10 | Build | Palisade Wall |
| 18:17 | Build | House |
| 18:26 | Research | Fletching |
| 18:27 | Research | Padded Archer Armor |
| 18:48 | Create | Villager (Male) |
| 19:16 | Create | Skirmisher |
| 19:16 | Create | Skirmisher |
| 19:18 | Create | Skirmisher |
| 19:27 | Create | Spearman |
| 19:40 | Build | House |
| 19:42 | Build | House |
| 19:46 | Build | House |
| 19:49 | Build | House |
| 19:51 | Build | House |
| 19:58 | Build | House |
| 20:32 | Age | Castle Age |
| 20:32 | Create | Archer |
| 20:32 | Create | Archer |
| 20:33 | Create | Archer |
| 20:42 | Research | Elite Skirmisher (upgrade) |
| 20:45 | Research | Bodkin Arrow |
| 20:46 | Research | Leather Archer Armor |
| 21:01 | Build | House |
| 21:03 | Build | Palisade Wall |
| 21:04 | Build | House |
| 21:22 | Create | Villager (Male) |
| 21:22 | Create | Villager (Male) |
| 21:30 | Create | Fishing Ship |
| 21:31 | Create | Fishing Ship |
| 21:45 | Create | Skirmisher |
| 21:46 | Create | Skirmisher |
| 21:46 | Create | Skirmisher |
| 22:14 | Build | House |
| 22:15 | Build | House |
| 22:21 | Create | Villager (Male) |
| 22:22 | Create | Villager (Male) |
| 22:22 | Create | Villager (Male) |
| 22:22 | Create | Villager (Male) |
| 22:32 | Build | Town Center |
| 22:40 | Create | Skirmisher |
| 22:40 | Create | Skirmisher |
| 23:16 | Create | Unit 2626 |
| 23:19 | Create | Unit 2626 |
| 23:36 | Create | Villager (Male) |
| 23:36 | Create | Villager (Male) |
| 23:36 | Create | Villager (Male) |
| 23:37 | Create | Villager (Male) |
| 24:17 | Research | War Galley (upgrade) |
| 24:39 | Create | Villager (Male) |
| 24:39 | Create | Villager (Male) |
| 24:40 | Create | Villager (Male) |
| 24:40 | Create | Villager (Male) |
| 25:37 | Create | Unit 2626 |
| 25:37 | Create | Unit 2626 |
| 25:37 | Create | Unit 2626 |
| 25:41 | Create | Villager (Male) |
| 25:42 | Create | Villager (Male) |
| 25:42 | Create | Villager (Male) |
| 25:42 | Create | Villager (Male) |
| 25:43 | Create | Villager (Male) |
| 26:09 | Build | Town Center |
| 26:42 | Create | Galley |
| 26:42 | Create | Galley |
| 26:43 | Create | Galley |
| 27:51 | Create | Villager (Male) |
| 27:52 | Create | Villager (Male) |
| 27:52 | Create | Villager (Male) |
Match timeline
| 0:45 | Yemellow · first_building Dock |
| 0:53 | Rofflert · first_building Dock |
| 1:02 | Ohadpr4 · first_building Dock |
| 2:33 | WFangMMx · first_building Dock |
| 9:13 | Yemellow · wall_segment Palisade Wall x11 |
| 9:19 | Yemellow · wall_segment Palisade Wall x2 |
| 11:29 | WFangMMx · wall_segment Palisade Wall x1 |
| 12:24 | Rofflert · first_building Barracks |
| 12:37 | Yemellow · wall_segment Palisade Wall x5 |
| 13:31 | Rofflert · age_up feudal |
| 13:47 | WFangMMx · age_up feudal |
| 14:05 | Rofflert · first_building Archery Range |
| 15:31 | Ohadpr4 · wall_segment Palisade Wall x1 |
| 15:33 | Ohadpr4 · wall_segment Palisade Wall x1 |
| 15:34 | Yemellow · age_up feudal |
| 16:48 | WFangMMx · first_market_sell 100 wood |
| 17:05 | Rofflert · wall_segment Palisade Wall x8 |
| 17:12 | Rofflert · wall_segment Palisade Wall x11 |
| 17:22 | WFangMMx · wall_segment Palisade Wall x9 |
| 17:23 | WFangMMx · wall_segment Palisade Wall x12 |
| 17:38 | WFangMMx · wall_segment Palisade Wall x17 |
| 17:58 | Ohadpr4 · first_building Barracks |
| 18:10 | Rofflert · wall_segment Palisade Wall x1 |
| 19:29 | WFangMMx · age_up castle |
| 19:30 | WFangMMx · first_market_buy 100 wood |
| 20:03 | Yemellow · age_up castle |
| 20:27 | Yemellow · first_building Castle |
| 20:32 | Rofflert · age_up castle |
| 20:45 | WFangMMx · first_building Barracks |
| 20:50 | Ohadpr4 · age_up feudal |
| 21:03 | Rofflert · wall_segment Palisade Wall x1 |
| 21:05 | Ohadpr4 · wall_segment Palisade Wall x1 |
| 21:50 | WFangMMx · first_building Stable |
| 22:04 | Ohadpr4 · first_building Stable |
| 22:12 | Ohadpr4 · first_building Archery Range |
| 24:45 | Ohadpr4 · age_up castle |
| 27:21 | WFangMMx · first_building Castle |
| 29:59 | Yemellow · first_building Siege Workshop |
| 30:11 | Yemellow · wall_segment Palisade Wall x2 |
| 31:50 | Rofflert · first_market_buy 100 stone |
| 33:06 | Yemellow · resign |
| 34:50 | WFangMMx · age_up imperial |
[ AI ANALYSIS · 1 CREDIT ]
What really happened in this match?
Wolo.gg analyzes every decision: build order, eco, micro, common mistakes by bracket. Personalized analysis on WhatsApp or Discord in 30 seconds.
Civ guide
Mongols
Map guide
Nomad
Perfil
Jugador #9908845